 Dungeon Crawl Stone Soup version 0.30-a0-1066-g63dfefce0d (webtiles) character file.

Game seed: 12105215250167086145

22573 greynaab the Marksant (level 13, -3/83 HPs)
             Began as a Formicid Hunter on Apr 12, 2023.
             Was an Initiate of Gozag.
             Slain by a cane toad (10 damage)
             ... on level 2 of the Lair of Beasts.
             The game lasted 00:51:03 (11371 turns).

greynaab the Marksant (Formicid Hunter)            Turns: 11371, Time: 00:51:04

Health: -3/83      AC:  8    Str: 17    XL:     13   Next: 28%
Magic:  20/20      EV: 11    Int:  9    God:    Gozag
Gold:   972        SH:  7    Dex: 21    Spells: 12/22 levels left

rFire   + + .      SeeInvis +    w - +1 demon whip (venom)
rCold   + . .      Faith    .    m - +0 buckler
rNeg    . . .      Spirit   .    h - +1 ring mail {rF+}
rPois   +          Reflect  .    (helmet unavailable)
rElec   +          Rampage  .    (no cloak)
rCorr   +                        s - +1 pair of gloves
Will    +....                    (no boots)
Stlth   +                        (no amulet)
HPRegen 0.33/turn                M - ring of wizardry
MPRegen 0.17/turn                l - +4 ring of slaying

@: mighty, lethally poisoned (-3 -> -5), resistant, gold aura, invisible
A: permanent stasis, dig shafts and tunnels, antennae 3, four strong arms
a: Dig, Shaft Self, Renounce Religion, Potion Petition, Call Merchant, Bribe
Branch


You were on level 2 of the Lair of Beasts.
You worshipped Gozag.
Gozag was pleased with you.
You visited 2 branches of the dungeon, and saw 12 of its levels.
You also visited: Bailey and Volcano.

You collected 4048 gold pieces.
You paid 3076 gold pieces to Gozag.

Inventory:

Hand Weapons
 a - a +0 arbalest
 b - a +3 whip of electrocution
 t - a +2 great sword of flaming
 w - a +1 demon whip of venom (weapon)
 x - a +0 battleaxe of flaming
Missiles
 o - 44 poisoned darts (quivered)
 I - 15 throwing nets
Armour
 h - a +1 ring mail of fire resistance (worn)
 i - a +2 chain mail of willpower
 m - a +0 buckler (worn)
 n - the +2 leather armour of Lightning Storm {Regen+ Slay+5}
   (You found it on level 2 of the Dungeon)

   Slay:      It affects your accuracy & damage with ranged weapons and melee
   (+5).
   Regen:     It increases your rate of health regeneration.
 s - a +1 pair of gloves (worn)
 N - +0 swamp dragon scales
Jewellery
 l - a +4 ring of slaying (right hand)
 B - a +6 ring of strength
 E - a ring of fire
 M - a ring of wizardry (left hand)
Wands
 p - a wand of roots (2)
 y - a wand of flame (21)
 F - a wand of polymorph (12)
 H - a wand of mindburst (1)
 K - a wand of acid (18)
Scrolls
 c - a scroll of enchant armour
 f - 2 scrolls of immolation
 g - a scroll of silence
 G - 2 scrolls of vulnerability
 J - 2 scrolls of enchant weapon
Potions
 e - 5 potions of cancellation {unknown}
 j - 4 potions of curing
 k - a potion of resistance
 q - 3 potions of might
 r - 2 potions of lignification
 u - 4 potions of flight {unknown}
 v - a potion of heal wounds
 z - a potion of ambrosia
 A - 3 potions of mutation
 D - 7 potions of brilliance {unknown}


   Skills:
 - Level 2.1 Fighting
 + Level 4.6 Long Blades
 - Level 7.0 Maces & Flails
 - Level 16.1 Ranged Weapons
 - Level 1.7 Dodging
 - Level 1.2 Stealth
 - Level 7.0 Shields
 - Level 5.0 Spellcasting
 - Level 5.0 Transmutations
 - Level 10.0 Poison Magic


You had 12 spell levels left.
You knew the following spells:

 Your Spells              Type           Power      Damage    Failure   Level
a - Wereblood             Tmut           11%        N/A       4%          2
b - Mephitic Cloud        Conj/Pois/Air  8%         N/A       16%         3
c - Ignite Poison         Fire/Tmut/Pois 11%        N/A       9%          3
d - Call Imp              Summ           4%         N/A       32%         2

Your spell library contained the following spells:

 Spells                   Type           Power      Damage    Failure   Level
 Spider Form              Tmut/Pois      15%        N/A       3%          3
 Magic Dart               Conj           8%         1d3       21%         1
 Ensorcelled Hibernation  Hex/Ice        4%         N/A       32%         2
 Sublimation of Blood     Necr           2%         N/A       32%         2
 Confusing Touch          Hex            2%         N/A       52%         3
 Tukima's Dance           Hex            2%         N/A       52%         3
 Volatile Blastmotes      Fire/Tloc      4%         2d10      52%         3
 Blade Hands              Tmut           5%         N/A       56%         5
 Anguish                  Hex/Necr       1%         N/A       88%         4
 Animate Armour           Summ/Erth      4%         N/A       88%         4
 Fulminant Prism          Conj/Hex       1%         3d5       88%         4
 Iskenderun's Mystic Bla  Conj/Tloc      2%         2d3       88%         4
 Arcjolt                  Conj/Air       1%         1d11      99%         5
 Lee's Rapid Deconstruct  Erth           1%         3d4*      99%         5
 Silence                  Hex/Air        1%         N/A       99%         5
 Iron Shot                Conj/Erth      1%         9d1       100%        6
 Summon Hydra             Summ           1%         N/A       100%        7
 Maxwell's Capacitive Co  Air            1%         ∞         100%        8
 Vhi's Electric Charge    Tloc/Air       Unusable   N/A       N/A         3

Dungeon Overview and Level Annotations

Branches:
Dungeon (10/15) Zot: 25806  Temple (0/1) D:6            Lair (2/5) D:10 Zot: 10848
    Orc (0/2) D:10         Bailey (visited)         Volcano (visited)
  Swamp: Lair:2-3    Shoals: Lair:2-3     Snake: Lair:2-3    Spider: Lair:2-3

Altars:
Ashenzari
Cheibriados
Dithmenos
Gozag
Hepliaklqana
Makhleb
Nemelex Xobeh
Qazlal
Ru
Sif Muna
Trog
Yredelemnul

Shops:
D:6 (

Annotations:
D:4 exclusion: moth of wrath
Lair:1 1 runed translucent door, hollowman's ghost, journeyman MiHu


Innate Abilities, Weirdness & Mutations

You cannot be hasted, slowed, berserked, paralysed or teleported.
You can dig through walls and to a lower floor.
You have a pair of large antennae on your head. (SInv)
Your four strong arms can wield two-handed weapons with a shield.


Message History

You barely miss the cane toad.
The cane toad is lightly wounded.
You feel sick. The cane toad barely misses you. Maggie casts a spell at you.
The bolt of fire hits you! You resist.
You hit the cane toad but do no damage.
The cane toad is lightly wounded.
You feel sick. The cane toad closely misses you.
Maggie hits you with a +1 morningstar of flaming!
Maggie burns you.
You closely miss the cane toad.
The cane toad is lightly wounded.
You feel sick. You block the cane toad's attack.
You hit the cane toad.
The cane toad is poisoned.
The cane toad is moderately wounded.
You feel sick. Maggie gestures at you while chanting.
The bolt of fire hits you. You resist. You block the cane toad's attack.
You hit the cane toad.
The cane toad looks as sick as possible!
The cane toad is moderately wounded.
You feel sick.
You kill Maggie!
The cane toad stings you!!
* * * LOW HITPOINT WARNING * * *
You hit the cane toad.
The cane toad looks as sick as possible!
The cane toad is moderately wounded.
You block the cane toad's attack.
Unknown command.
Okay, then. [a] - 440 gold - brilliance, resistance and invisibility [b] - 528 gold - resistance, might and invisibility [c] - 288 gold - brilliance and magic Purchase which effect?
You feel protected.
You feel very mighty all of a sudden.
You fade into invisibility!
You feel sick. The cane toad stings you!
You die...
Your body crumbles into a pile of gold.

..##### {P.<.P.... ..
..# #!...PPP#+... ..##
............ ...#
####........... ..######
#.##P..........
..P#.#P###.#P...........
........................
....................[...
............##.#@.#+...
............#..$F.......
........................
.##.#####.........$.....
. ### ##..#.......#... .
#...#..P...# ..
#........... .
............


You could see a cane toad (unable to see you, extremely poisoned).

Vanquished Creatures
  2 vault guards (Bailey)
  A hydra (Lair:2)
  A two-headed ogre (D:10)
  Erica (D:10)
  A hell knight (Volcano)
  Amaemon (D:8)
  A salamander mystic (Volcano)
  4 salamanders (Volcano)
  2 molten gargoyles (Volcano)
  3 cane toads
  A black mamba (Lair:1)
  A gargoyle (D:10)
  Psyche (D:8)
  An orange demon (D:8)
  Maggie (Lair:2)
  A rime drake (D:9)
  A kobold demonologist (D:7)
  2 trolls
  2 komodo dragons
  A hornet (D:7)
  2 polar bears (D:10)
  Prince Ribbit (Bailey)
  A vampire (D:9)
  2 shadows
  2 wyverns
  14 yaks
  A wraith (D:10)
  A basilisk (Lair:2)
  4 humans (Bailey)
  2 fire bats (Volcano)
  3 vampire mosquitoes (D:10)
  3 water moccasins
  3 orc warriors
  8 ice beasts
  6 ogres
  4 wolves
  6 centaurs
  3 kobold brigands
  16 bullfrogs
  6 gnoll sergeants (D:7)
  2 scorpions
  6 killer bees (D:9)
  7 howler monkeys
  An electric eel (D:7)
  7 lava snakes (Volcano)
  2 jellies
  6 orc priests
  9 gnoll boudas
  8 hounds
  3 orc wizards
  2 iguanas
  44 gnolls
  5 adders
  2 shadow imps
  2 white imps
  An ufetubus (D:6)
  2 worms
  5 dart slugs
  29 orcs
  5 endoplasms
  2 giant cockroaches (D:1)
  18 goblins
  11 hobgoblins
  8 jackals (D:7)
  9 kobolds
  4 quokkas
  3 ball pythons
  12 bats
  6 frilled lizards
  7 rats
345 creatures vanquished.

Vanquished Creatures (collateral kills)
  3 humans (Bailey)
  An orc (Bailey)
4 creatures vanquished.

Vanquished Creatures (others)
  7 fungi
  8 plants
  2 withered plants (Lair:1)
17 creatures vanquished.

Grand Total: 366 creatures vanquished

Notes
Turn   | Place    | Note
-------+----------+-------------------------------------------
     0 | D:1      | greynaab the Formicid Hunter began the quest for the Orb.
     0 | D:1      | Reached XP level 1. HP: 16/16 MP: 1/1
   135 | D:1      | Reached XP level 2. HP: 21/22 MP: 2/2
   299 | D:1      | Reached XP level 3. HP: 27/27 MP: 3/3
   668 | D:2      | Reached skill level 1 in Maces & Flails
   684 | D:2      | Identified the +2 leather armour of Lightning Storm {Regen+
                  | Slay+5}
   733 | D:2      | Reached skill level 5 in Ranged Weapons
   752 | D:2      | Found an opulent altar of Gozag.
   778 | D:2      | Became a worshipper of Gozag Ym Sagoz the Greedy
  1009 | D:2      | Reached skill level 1 in Shields
  1009 | D:2      | Reached XP level 4. HP: 33/33 MP: 4/4
  1145 | D:2      | You fall into a shaft and drop 1 floor!
  1559 | D:3      | Reached XP level 5. HP: 38/38 MP: 5/5
  1730 | D:3      | Found a broken altar of Ashenzari.
  1980 | D:3      | Identified 2 scrolls of acquirement
  1980 | D:3      | Acquired a +4 ring of slaying
  2493 | D:4      | Noticed a moth of wrath
  2496 | D:4      | Found a bloodstained altar of Trog.
  2532 | D:4      | Reached XP level 6. HP: 42/44 MP: 6/6
  2673 | D:5      | Entered Level 5 of the Dungeon
  2704 | D:5      | Reached skill level 6 in Ranged Weapons
  2922 | D:5      | Reached XP level 7. HP: 50/50 MP: 7/7
  2930 | D:5      | Learned a level 2 spell: Wereblood
  3034 | D:5      | Found an opulent altar of Gozag.
  3116 | D:5      | Reached skill level 1 in Transmutations
  3219 | D:5      | Reached skill level 1 in Spellcasting
  3532 | D:6      | Reached skill level 7 in Ranged Weapons
  3576 | D:6      | Found a stormy altar of Qazlal.
  3587 | D:6      | Reached XP level 8. HP: 56/56 MP: 10/10
  3786 | D:6      | Found Cipauwn's Weapon Shop.
  3790 | D:6      | Found a staircase to the Ecumenical Temple.
  3865 | D:6      | Found a shimmering blue altar of Sif Muna.
  3888 | D:6      | Reached skill level 5 in Shields
  3908 | D:6      | Found a shadowy altar of Dithmenos.
  4278 | D:6      | Reached skill level 8 in Ranged Weapons
  4303 | D:7      | Noticed a kobold demonologist
  4312 | D:6      | Reached XP level 9. HP: 51/61 MP: 13/13
  4490 | D:7      | Found a sparkling altar of Nemelex Xobeh.
  4594 | D:7      | Got the Catalogue of Malisons and the Cure
  4622 | D:7      | Noticed a red devil
  4630 | D:7      | Killed a kobold demonologist
  4631 | D:7      | Reached skill level 5 in Maces & Flails
  4663 | D:7      | Learned a level 3 spell: Mephitic Cloud
  4667 | D:7      | Learned a level 3 spell: Ignite Poison
  4791 | D:7      | Reached skill level 9 in Ranged Weapons
  4791 | D:7      | Reached skill level 1 in Poison Magic
  4920 | D:7      | Noticed a hornet
  4928 | D:7      | Killed a hornet
  5285 | D:7      | Reached XP level 10. HP: 67/67 MP: 5/14
  5468 | D:7      | Reached skill level 5 in Transmutations
  5962 | D:8      | Found a flagged portal.
  5970 | Bailey   | Entered a bailey
  5997 | Bailey   | Reached skill level 10 in Ranged Weapons
  6238 | Bailey   | Noticed Prince Ribbit
  6241 | Bailey   | Noticed a vault guard
  6254 | Bailey   | Killed Prince Ribbit
  6255 | Bailey   | Reached skill level 5 in Poison Magic
  6269 | Bailey   | Learned a level 2 spell: Call Imp
  6297 | Bailey   | Killed a vault guard
  6298 | Bailey   | Reached XP level 11. HP: 72/72 MP: 10/18
  6340 | Bailey   | Noticed a vault guard
  6365 | Bailey   | Killed a vault guard
  6366 | Bailey   | Reached skill level 11 in Ranged Weapons
  6366 | Bailey   | Reached skill level 5 in Spellcasting
  7104 | D:8      | Noticed Psyche
  7107 | D:8      | Killed Psyche
  7138 | D:8      | Noticed Amaemon
  7144 | D:8      | Killed Amaemon
  7145 | D:8      | Reached skill level 12 in Ranged Weapons
  7656 | D:8      | Found a burning altar of Makhleb.
  8155 | D:9      | Found a sacrificial altar of Ru.
  8308 | D:10     | Entered Level 10 of the Dungeon
  8430 | D:10     | Reached skill level 13 in Ranged Weapons
  8463 | D:10     | Reached XP level 12. HP: 78/78 MP: 19/19
  8575 | D:10     | Found a staircase to the Lair.
  8682 | D:10     | Found a hazy altar of Hepliaklqana.
  8682 | D:10     | Found a basalt altar of Yredelemnul.
  8690 | D:10     | Found a faded altar of an unknown god.
  8732 | D:10     | Found a snail-covered altar of Cheibriados.
  8734 | D:10     | Found a faded altar of an unknown god.
  8797 | D:10     | Noticed Erica
  8804 | D:10     | Killed Erica
  8855 | D:10     | Found a staircase to the Orcish Mines.
  8997 | D:10     | Noticed a two-headed ogre
  9008 | D:10     | Killed a two-headed ogre
  9009 | D:10     | Reached skill level 10 in Poison Magic
  9012 | D:10     | Reached skill level 14 in Ranged Weapons
  9442 | Lair:1   | Entered Level 1 of the Lair of Beasts
  9638 | Lair:1   | Reached skill level 15 in Ranged Weapons
  9850 | Lair:1   | Found a runed translucent door.
  9850 | Lair:1   | Noticed hollowman's ghost (journeyman MiHu)
 10044 | Lair:1   | Found a dark tunnel.
 10059 | Volcano  | Entered a volcano
 10306 | Volcano  | Found a radiant altar of Vehumet.
 10306 | Volcano  | Noticed a salamander mystic
 10314 | Volcano  | Noticed a hell knight
 10325 | Volcano  | Killed a salamander mystic
 10332 | Volcano  | Reached XP level 13. HP: 46/83 MP: 20/20
 10413 | Volcano  | Reached skill level 16 in Ranged Weapons
 10557 | Volcano  | Reached skill level 1 in Long Blades
 11038 | Lair:1   | Acquired 642 gold pieces
 11087 | Lair:2   | Noticed a seven-headed hydra
 11104 | Lair:2   | Killed a five-headed hydra
 11353 | Lair:2   | Noticed Maggie
 11369 | Lair:2   | Killed Maggie
 11371 | Lair:2   | Slain by a cane toad

Illustrated notes

Levels and vault maps discovered:
D:1:      beargit_arrival_greenhouse, layout_loops_ring
D:2:      layout_basic, basic_altar, kennysheep_generic_room_9
D:3:      cheibrodos_greedy_goblins, layout_loops_ring,
          overflow_temple_1_default
D:4:      layout_basic, tgw_trog, serial_glass, glass_columns_c, glass_columns_b
D:5:      layout_loops_ring, mainiacjoe_overflow_tiny_flanked
D:6:      layout_basic, mainiacjoe_overflow_boulevard,
          nicolae_dithmenos_the_darkroom, nicolae_sif_muna_condensation,
          minmay_temple_entry_slanted, serial_shops, shop
D:7:      layout_cave_pools, nemelex_spade_bored_becter, serial_gnoll_camp,
          gnoll_camp_huts_moat, gnoll_camp_mini_loothouse, gnoll_camp_medium_02,
          gnoll_camp_mini_hut, gnoll_camp_mini_hut
D:8:      kennysheep_seaside_town, layout_loops_corners,
          mainiacjoe_overflow_alcove_4, nicolae_ossuary_entry_monument,
          enter_bailey_4, uniq_amaemon, uniq_psyche
D:9:      layout_rooms, nicolae_ru_the_path_less_chosen
D:10:     layout_roguey, chequers_temple_overflow_minitemple,
          hellmonk_lair_entry_icy, david_orc_3, minmay_increasing_density,
          uniq_erica
Lair:1:   layout_gridlike, gammafunk_ghost_grave, nicolae_volcano_entry_s_turn
Lair:2:   layout_chaotic_city, spider_nest_entry_webs, uniq_maggie

Skill      XL: |  1  2  3  4  5  6  7  8  9 10 11 12 13 |
---------------+----------------------------------------+-----
Maces & Flails | 1 2 3 4 5 6 7 |  7.0
Ranged Weapons | 5 6 7 8 9 10 13 15 16 | 16.1
Shields        | 1 2 3 4 5 6 7 |  7.0
Transmutations | 1 3 4 5 |  5.0
Spellcasting   | 1 3 4 5 |  5.0
Poison Magic   | 2 5 9 10 | 10.0
Long Blades    | 4 |  4.6
Fighting       | |  2.1
Dodging        | |  1.7
Stealth        | |  1.2

Action                     |  1- 3 |  4- 6 |  7- 9 | 10-12 | 13-15 || total
---------------------------+-------+-------+-------+-------+-------++-------
  Melee: Whip              |       |     7 |    31 |   105 |     7 ||   150
         Demon whip        |       |       |       |    17 |    11 ||    28
         Great sword       |       |       |       |       |     2 ||     2
   Fire: Shortbow          |    81 |    82 |   205 |   160 |       ||   528
         Arbalest          |       |       |       |   245 |    46 ||   291
  Throw: Dart              |       |       |       |    16 |       ||    16
         Throwing net      |       |       |       |     4 |       ||     4
   Cast: Mephitic Cloud    |       |       |     6 |     6 |       ||    12
         Ignite Poison     |       |       |     2 |     3 |       ||     5
         Call Imp          |       |       |       |     1 |       ||     1
         Wereblood         |       |       |       |     1 |       ||     1
 Invoke: Potion Petition   |       |       |       |     7 |     3 ||    10
Ability: Dig               |       |     1 |       |       |       ||     1
  Evoke: Wand              |       |       |     1 |     9 |     5 ||    15
    Use: Scroll            |       |     4 |     3 |    16 |     1 ||    24
         Potion            |       |       |       |     5 |     1 ||     6
   Stab: Distracted        |       |       |       |     2 |       ||     2
         Confused          |       |       |       |     1 |       ||     1
         Invisible         |       |       |       |     1 |     1 ||     2
 Armour: Leather armour    |     3 |    11 |    11 |    45 |       ||    70
         Ring mail         |     7 |       |       |     3 |     6 ||    16
         Skin              |       |       |       |    20 |       ||    20
  Dodge: Dodged            |    19 |    11 |    34 |   138 |    15 ||   217
  Block: Buckler           |     1 |     4 |    18 |    93 |     7 ||   123

Table legend: (Time is in decaauts)
 A = Elapsed time spent in this place.
 B = Non-inter-level travel time spent in this place.
 C = Inter-level travel time spent in this place.
 D = Time resting spent in this place.
 E = Time spent auto-exploring this place.
 F = Levels seen in this place.
 G = Mean time per level.
                   A        B        C        D        E       F      G
               +--------+--------+--------+--------+--------+-----+--------+
         Total |  11498 |  10865 |    633 |   1290 |   6481 |  14 |  821.3 |
       Dungeon |   9150 |   8551 |    599 |    748 |   5671 |  10 |  915.0 |
          Lair |   1150 |   1117 |     33 |    112 |    806 |   2 |  575.0 |
        Bailey |    453 |    453 |      0 |     90 |      4 |   1 |  453.0 |
       Volcano |    744 |    744 |      0 |    338 |      0 |   1 |  744.0 |
               +--------+--------+--------+--------+--------+-----+--------+

Top non-repeatable levels by time:
     D:7: 1503 daAuts
     D:8: 1474 daAuts
    D:10: 1071 daAuts
     D:6: 925 daAuts
     D:5: 830 daAuts
  Lair:1: 830 daAuts
 Volcano: 744 daAuts
     D:3: 699 daAuts
     D:2: 697 daAuts
     D:1: 660 daAuts
     D:4: 659 daAuts
     D:9: 627 daAuts
  Bailey: 453 daAuts
  Lair:2: 320 daAuts
